Map: Blackpink LE

Players

Honor - Winner!

  • Race: Protoss Protoss
  • League: Master
  • Spawn Location: 1:00

A.I. 1 (Elite)

  • Race: Terran Terran
  • Spawn Location: 7:00

VOD

Have the link to the VOD?

Description

Time

  • Played on: April 11, 2018, 7:58 a.m.
  • Length: 8:14
Show
View Real Time Build Order
Export as new Build Order

Honor Protoss - Winner!

Build Orders: 1 Gate Expand, Colossus Rush 

Get SALT Encoding   

  12  0:00  Probe  
  13  0:13  Probe  
  14  0:17  Pylon  
  14  0:25  Probe  
  15  0:37  Gateway, Probe (Chrono Boost)  
  16  0:47  Probe (Chrono Boost), Assimilator  
  17  0:52  Probe (Chrono Boost)  
  18  1:03  Probe  
  19  1:21  Nexus  
  19  1:30  Cybernetics Core  
  19  1:34  Probe  
  20  1:43  Pylon  
  20  1:46  Probe  
  21  1:51  Assimilator  
  21  1:58  Probe  
  22  2:05  Stalker (Chrono Boost)  
  24  2:10  Probe  
  25  2:18  Warp Gate (Chrono Boost)  
  25  2:23  Probe  
  25  2:25  Stalker (Chrono Boost)  
  28  2:33  Probe  
  28  2:35  Probe  
  30  2:44  Robotics Facility  
  30  2:45  Probe  
  30  2:48  Probe  
  32  2:57  Probe  
  33  3:00  Probe  
  33  3:02  Pylon  
  34  3:09  Probe  
  34  3:10  Gateway  
  34  3:12  Probe  
  36  3:21  Probe  
  36  3:24  Probe  
  38  3:32  Observer (Chrono Boost)  
  39  3:36  Robotics Bay, Probe x2  
  39  3:39  Assimilator  
  41  3:42  Assimilator  
  41  3:48  Probe  
  41  3:49  Probe  
  41  3:50  Observer (Chrono Boost)  
  41  3:51  Pylon  
  44  3:58  Forge  
  44  4:00  Probe  
  44  4:01  Probe  
  46  4:04  Warp Prism (Chrono Boost)  
  48  4:13  Stalker  
  48  4:16  Probe x2  
  52  4:20  Sentry  
  54  4:30  Colossus (Chrono Boost)  
  54  4:32  Probe x2  
  54  4:38  Protoss Ground Weapons Level 1  
  62  4:41  Pylon  
  62  4:44  Pylon  
  62  5:01  Stalker x2  
  66  5:08  Pylon  
  66  5:11  Colossus (Chrono Boost)  
  66  5:16  Extended Thermal Lance  
  72  5:22  Pylon  
  72  5:30  Gateway  
  72  5:32  Gateway  
  72  5:34  Gateway  
  72  5:35  Gateway  
  72  5:49  Sentry  
  74  5:52  Stalker  
  74  5:54  Colossus (Chrono Boost)  
  82  6:07  Photon Cannon  
  82  6:08  Pylon  
  82  6:09  Photon Cannon  
  82  6:13  Pylon  
  82  6:28  Stalker x3  
  82  6:29  Stalker  
  82  6:30  Observer  
  82  6:31  Sentry  
  82  6:32  Sentry  
  94  6:38  Pylon  
  94  6:39  Pylon  
  94  6:47  Pylon  
  94  6:51  Pylon  
  94  7:00  Stalker x4  
  102  7:01  Sentry  
  102  7:02  Sentry  
  100  7:23  Stalker  
  100  7:24  Stalker x4  
  100  7:27  Adept  
  110  7:46  Adept  
  110  7:47  Adept x4  
  110  7:48  Adept  
Show
View Real Time Build Order
Export as new Build Order

A.I. 1 (Elite) Terran 

Build Orders:  

Get SALT Encoding   

  12  0:00  SCV  
  13  0:13  SCV  
  14  0:18  Supply Depot  
  14  0:25  SCV  
  15  0:40  SCV  
  16  0:43  Barracks  
  16  0:52  SCV  
  18  1:04  SCV  
  18  1:16  SCV  
  18  1:17  Supply Depot  
  19  1:21  Refinery  
  19  1:28  SCV  
  19  1:31  Marine  
  21  1:40  SCV  
  22  1:48  Marine  
  22  1:51  Barracks  
  22  1:52  SCV  
  24  1:55  Refinery  
  24  2:02  Supply Depot  
  24  2:05  SCV  
  24  2:06  Marine  
  26  2:17  SCV  
  27  2:24  Marine  
  27  2:25  Factory  
  27  2:29  SCV  
  29  2:37  Marine  
  29  2:41  SCV  
  29  2:42  Marine  
  32  2:53  SCV  
  32  2:55  Marine  
  34  3:00  Marine  
  35  3:05  SCV  
  35  3:07  Barracks  
  36  3:13  Marine  
  36  3:18  Barracks Tech Lab, SCV  
  38  3:28  Factory Tech Lab, Starport  
  38  3:30  SCV  
  38  3:31  Supply Depot, Barracks Tech Lab  
  39  3:53  Marine x2, SCV  
  42  3:58  Stimpack  
  42  4:03  Combat Shield  
  42  4:05  SCV  
  43  4:17  SCV  
  44  4:29  SCV  
  45  4:37  Supply Depot  
  45  4:41  SCV  
  46  4:53  SCV  
  46  4:59  Medivac, Marine x3  
  52  5:02  Supply Depot  
  52  5:06  SCV  
  53  5:18  SCV  
  54  5:22  Barracks Reactor, Engineering Bay  
  54  5:24  Marauder, Marine  
  54  5:25  Engineering Bay  
  54  5:28  Supply Depot  
  57  5:29  Medivac, Command Center  
  57  5:30  SCV  
  60  5:42  SCV  
  61  5:50  Terran Infantry Weapons Level 1  
  61  5:51  Terran Infantry Armor Level 1  
  61  5:52  Marauder  
  63  5:58  Marauder  
  65  6:05  Supply Depot  
  65  6:10  Marine  
  66  6:14  Marauder  
  68  6:19  Marauder  
  68  6:22  Barracks  
  70  6:26  Starport Reactor  
  70  6:30  Supply Depot  
  70  6:35  Marauder  
  72  6:41  Marauder  
  72  6:42  SCV  
  72  6:45  SCV  
  76  6:54  SCV  
  76  6:56  Marauder  
  76  6:57  SCV  
  80  7:02  Medivac  
  82  7:08  Orbital Command  
  82  7:16  Marauder  
  82  7:18  Marauder  
  82  7:19  Marine x2  
  82  7:21  Marine  
  57  7:37  Marine x3  
  56  7:39  Marauder  
Tags
 
League
Master
Matchup
PvT
Spawn Locations
Cross Positions
Add a new tag
Caveats
  • Supply blocks, unpowered buildings, or Contaminate may cause inaccurate times.
  • Supply counts are checked every 10 seconds.